Map: [ESL] Oceanborn

Players

Bunny - Winner!

  • Race: Terran Terran
  • Spawn Location: 11:00

SHIN

  • Race: Zerg Zerg
  • Spawn Location: 5:00

Event: IEM Katowice 2024

VOD

Have the link to the VOD?

Description

Time

  • Played on: Feb. 8, 2024, 7:38 a.m.
  • Length: 25:35

All games in this series

Show
View Real Time Build Order
Export as new Build Order

Bunny Terran - Winner!

Build Orders: Gas First Reaper Expand, Banshee Rush 

Get SALT Encoding   

  12  0:00  SCV  
  13  0:12  SCV  
  14  0:17  Supply Depot  
  14  0:24  SCV  
  14  0:27  Refinery  
  15  0:39  SCV  
  16  0:43  Barracks  
  16  0:51  SCV  
  17  1:03  SCV  
  18  1:15  SCV  
  19  1:30  Orbital Command, Reaper  
  20  1:40  Command Center  
  20  1:51  Factory  
  20  1:55  SCV  
  21  2:02  Supply Depot  
  21  2:04  Barracks Reactor  
  21  2:07  SCV  
  22  2:12  Refinery  
  22  2:20  SCV  
  23  2:32  SCV  
  24  2:39  Starport  
  24  2:44  SCV  
  25  2:46  Hellion x2  
  25  2:48  Marine  
  30  2:52  Orbital Command  
  30  2:56  SCV  
  31  3:07  Hellion  
  31  3:08  Hellion, SCV  
  31  3:11  Marine  
  37  3:15  Starport Tech Lab  
  37  3:18  SCV  
  38  3:20  SCV  
  38  3:25  Supply Depot  
  39  3:30  SCV  
  39  3:32  SCV  
  39  3:34  Banshee  
  44  3:36  Cloaking Field  
  44  3:40  Barracks Tech Lab  
  44  3:43  SCV  
  44  3:44  SCV  
  46  3:58  Command Center, SCV  
  46  4:02  SCV  
  46  4:15  SCV x2  
  46  4:16  Combat Shield, Banshee  
  46  4:27  SCV x2  
  46  4:30  Marine  
  47  4:31  Barracks  
  47  4:32  Barracks  
  47  4:36  Supply Depot  
  47  4:39  Factory Reactor, SCV x2  
  47  4:42  Engineering Bay x2  
  49  4:48  Refinery x2  
  49  4:51  SCV  
  49  4:52  SCV  
  51  4:54  Marine  
  52  5:03  SCV  
  52  5:04  SCV  
  54  5:10  Barracks, Orbital Command  
  54  5:11  Marine  
  54  5:12  Barracks  
  55  5:15  Starport Reactor  
  55  5:17  Terran Infantry Weapons Level 1, Terran Infantry Armor Level 1  
  55  5:19  SCV  
  55  5:20  SCV  
  57  5:25  Marine x2  
  59  5:32  SCV x2  
  59  5:34  Marine  
  62  5:42  Siege Tank  
  65  5:43  Orbital Command, Marine x2  
  65  5:46  Marine x2  
  65  5:49  SCV x2  
  71  5:52  Medivac  
  71  5:53  Supply Depot  
  71  5:54  Supply Depot  
  71  5:56  Medivac  
  75  6:01  Barracks Reactor x2, Stimpack  
  75  6:03  SCV x2  
  77  6:14  SCV, Marine x5  
  77  6:16  Armory, SCV x2  
  85  6:18  Supply Depot  
  85  6:26  SCV  
  85  6:30  Siege Tank, SCV  
  85  6:31  SCV  
  91  6:36  Marine x2  
  93  6:40  SCV, Marine x3  
  93  6:41  Marine, Supply Depot  
  93  6:42  Factory, Marine x3, Supply Depot  
  101  6:50  Supply Depot  
  101  6:55  Refinery  
  101  6:59  SCV  
  101  7:02  Medivac, Marine x4, SCV x2  
  101  7:03  Marine x3  
  112  7:11  SCV  
  112  7:12  Command Center  
  112  7:14  SCV x2, Medivac  
  117  7:16  Supply Depot  
  117  7:20  Widow Mine  
  119  7:23  SCV, Drilling Claws  
  119  7:26  SCV x2  
  119  7:28  Factory Reactor  
  122  7:32  Medivac  
  122  7:34  Marine  
  125  7:38  Marine x3  
  125  7:41  Terran Infantry Weapons Level 2, Supply Depot, Concussive Shells  
  125  7:42  Supply Depot  
  128  7:46  Terran Infantry Armor Level 2  
  128  8:00  Widow Mine  
  128  8:01  Marauder  
  128  8:02  Marine x8  
  137  8:06  Barracks  
  137  8:07  Barracks, Supply Depot  
  137  8:08  Barracks, Medivac  
  137  8:11  Medivac  
  141  8:14  Widow Mine x2  
  141  8:18  SCV x3  
  148  8:20  Refinery  
  148  8:21  Supply Depot  
  148  8:22  Supply Depot  
  148  8:24  Marauder  
  150  8:34  Marine x2  
  150  8:35  Marine x6  
  150  8:37  Sensor Tower  
  150  8:40  SCV x3  
  161  8:42  Widow Mine x3  
  169  8:48  Marauder  
  169  8:49  Terran Vehicle And Ship Armor Level 1  
  167  8:57  Barracks Tech Lab x3  
  167  8:58  SCV x3  
  167  8:59  Planetary Fortress  
  167  9:02  Marine x6  
  176  9:05  Supply Depot  
  176  9:08  Widow Mine x2  
  180  9:13  Widow Mine  
  180  9:14  Marauder  
  182  9:21  Medivac, Marauder x2  
  186  9:29  Widow Mine x2  
  188  9:36  Ghost Academy  
  188  9:37  Command Center  
  188  9:41  Marauder  
  190  9:45  Sensor Tower  
  190  9:48  Widow Mine  
  190  9:50  Widow Mine, Marauder  
  196  10:11  Command Center  
  196  10:12  Refinery  
  196  10:15  Terran Infantry Weapons Level 3, Refinery  
  196  10:18  Marine x2  
  196  10:26  Terran Infantry Armor Level 3  
  196  10:39  Marine  
  196  10:41  Missile Turret  
  196  10:45  Command Center  
  196  10:46  Command Center  
  196  10:48  SCV x2, Marine x2  
  200  10:50  Marine  
  200  10:57  Marine  
  200  10:58  Marine x2  
  200  10:59  Marauder  
  200  11:00  Marauder  
  200  11:01  SCV  
  200  11:03  Marauder  
  199  11:04  Widow Mine x2  
  199  11:05  Widow Mine  
  199  11:09  Marauder  
  182  11:13  SCV  
  180  11:20  Marauder  
  180  11:22  Marauder  
  180  11:25  Marauder  
  186  11:26  Widow Mine x3  
  186  11:29  Liberator x2  
  186  11:30  Marauder  
  194  11:34  Fusion Core  
  194  11:37  Starport  
  180  11:41  Marauder  
  180  11:44  Marauder  
  180  11:46  Marauder  
  171  11:47  Marine, Widow Mine x2  
  171  11:48  Widow Mine, Marine x7  
  171  11:52  Marauder  
  176  11:54  Planetary Fortress  
  170  12:02  Marine  
  170  12:03  Terran Vehicle And Ship Armor Level 2  
  170  12:05  Marine  
  170  12:08  Orbital Command  
  172  12:09  Widow Mine x3  
  172  12:10  Ghost x2  
  172  12:12  Liberator x2, Ghost  
  188  12:17  Refinery x2  
  188  12:20  Ghost  
  190  12:23  Liberator  
  190  12:24  Advanced Ballistics  
  193  12:30  Widow Mine x2  
  193  12:35  Sensor Tower  
  195  12:38  Planetary Fortress  
  195  12:39  Ghost x2  
  195  12:40  SCV  
  200  13:00  Ghost  
  200  13:01  Command Center, Missile Turret  
  200  13:03  Command Center  
  171  13:17  SCV  
  171  13:18  Ghost x2  
  157  13:23  Ghost  
  157  13:26  Command Center  
  159  13:28  Ghost  
  159  13:29  SCV  
  159  13:30  Missile Turret  
  159  13:32  Refinery  
  159  13:33  Refinery  
  162  13:35  Orbital Command  
  162  13:36  SCV x4  
  166  13:41  SCV  
  166  13:45  Sensor Tower  
  166  13:46  Ghost  
  166  13:47  Ghost  
  166  13:48  Personal Cloaking, SCV x4  
  174  13:50  Liberator  
  174  13:53  SCV  
  179  13:58  SCV  
  179  14:00  SCV x2  
  182  14:04  Missile Turret, Widow Mine x2  
  182  14:07  Missile Turret  
  186  14:10  SCV  
  186  14:12  Widow Mine  
  189  14:21  Liberator x2  
  189  14:22  SCV  
  192  14:25  Widow Mine  
  181  14:33  Liberator  
  181  14:35  Ghost x4  
  181  14:36  Orbital Command  
  167  14:42  Missile Turret, SCV x4  
  171  14:48  Widow Mine x3  
  171  14:50  SCV  
  178  14:54  SCV  
  178  14:55  SCV x2  
  178  14:59  Marine  
  182  15:02  SCV  
  182  15:03  Ghost x2  
  182  15:04  Liberator  
  190  15:14  SCV, Marauder x2  
  193  15:24  Missile Turret  
  193  15:27  Liberator x2  
  199  15:31  Command Center, Terran Vehicle And Ship Armor Level 3  
  199  15:38  SCV  
  199  15:39  Sensor Tower  
  199  15:41  Missile Turret  
  198  15:50  Ghost  
  198  15:54  Command Center  
  189  16:12  Ghost  
  189  16:15  Marauder  
  189  16:17  Marauder  
  157  16:26  Liberator x3, Ghost  
  168  16:34  Marine x5  
  168  16:36  Ghost  
  168  16:37  Ghost  
  171  16:45  Ghost, Widow Mine x3  
  173  16:55  Ghost  
  173  16:57  Marine x8  
  183  17:03  Missile Turret  
  183  17:04  Ghost  
  183  17:06  Ghost, Widow Mine  
  189  17:09  Liberator x2  
  189  17:13  Ghost  
  189  17:14  Marine  
  198  17:23  Ghost  
  198  17:26  Command Center  
  200  17:39  Planetary Fortress, Missile Turret  
  200  17:45  Command Center  
  200  17:50  Hi-Sec Auto Tracking, Neosteel Armor  
  191  18:11  Liberator x3, Missile Turret  
  200  18:12  Missile Turret  
  200  18:14  Refinery  
  200  18:15  Refinery  
  200  18:33  Command Center  
  200  18:53  Liberator  
  200  18:54  Liberator x2  
  187  19:01  Ghost x2  
  185  19:03  Marine x6  
  185  19:04  Marine x2  
  190  19:11  Missile Turret  
  190  19:12  Ghost x2  
  190  19:14  SCV  
  193  19:24  Widow Mine  
  193  19:25  Widow Mine x2  
  193  19:26  SCV  
  200  19:32  Command Center  
  200  19:42  Command Center  
  200  19:48  Missile Turret  
  199  19:53  Missile Turret  
  190  20:24  Liberator x3  
  183  20:36  Nuke  
  183  20:38  Ghost x3  
  183  20:40  Widow Mine  
  183  20:41  Orbital Command, Widow Mine  
  193  20:44  Starport  
  193  20:48  Sensor Tower  
  193  20:51  Missile Turret  
  193  20:53  Missile Turret  
  193  20:55  Planetary Fortress, Missile Turret  
  193  21:02  Marauder  
  193  21:07  Marauder x3  
  199  21:11  Refinery  
  199  21:13  Refinery  
  196  21:34  Liberator  
  196  21:42  Nuke  
  196  21:43  SCV  
  196  21:46  Medivac  
  197  21:55  SCV  
  197  22:01  Ghost x2  
  193  22:02  Marine  
  193  22:03  Marine x4  
  186  22:23  Ghost  
  186  22:24  Ghost  
  186  22:25  Marine x3  
  186  22:29  Starport Reactor  
  193  22:30  Viking x2  
  193  22:33  Orbital Command  
  193  22:34  Starport  
  195  22:40  Terran Ship Weapons Level 1, Starport  
  195  22:51  Missile Turret  
  195  22:53  Missile Turret x3  
  195  22:54  Missile Turret  
  195  23:00  Viking x2  
  196  23:14  Viking  
  196  23:15  Viking  
  196  23:23  Viking  
  196  23:25  Viking  
  197  23:37  Viking  
  197  23:40  Nuke  
  197  23:41  Viking  
  197  23:44  Viking  
  199  24:01  Command Center  
  193  24:23  Viking x2  
  193  24:24  Viking x2  
  198  24:34  Ghost x2  
  198  24:35  Ghost  
  199  24:40  Nuke  
  199  25:18  Missile Turret  
  199  25:19  Missile Turret  
  186  25:34  Missile Turret  
Show
View Real Time Build Order
Export as new Build Order

SHIN Zerg 

Build Orders: Hatch First, Lurkers 

Get SALT Encoding   

  12  0:00  Drone  
  13  0:12  Overlord  
  13  0:18  Drone  
  14  0:32  Drone x2  
  16  0:47  Hatchery  
  15  0:52  Drone  
  15  0:54  Drone  
  17  0:58  Drone  
  18  1:09  Extractor  
  17  1:13  Spawning Pool  
  17  1:16  Drone  
  17  1:19  Drone  
  18  1:28  Drone  
  19  1:39  Drone  
  20  1:50  Drone  
  21  2:00  Queen x2  
  21  2:01  Zergling x4  
  27  2:12  Overlord  
  27  2:13  Drone  
  28  2:22  Hatchery  
  27  2:25  Drone  
  28  2:31  Drone x2  
  28  2:34  Drone  
  31  2:40  Queen  
  33  2:44  Overlord  
  33  2:47  Drone  
  34  2:53  Queen  
  34  2:57  Metabolic Boost  
  36  3:02  Overlord  
  36  3:04  Drone  
  37  3:07  Drone  
  37  3:08  Drone  
  37  3:10  Drone  
  37  3:12  Drone  
  40  3:15  Drone  
  40  3:16  Drone  
  42  3:20  Drone  
  42  3:24  Queen  
  45  3:28  Drone  
  45  3:31  Queen  
  45  3:33  Drone  
  49  3:37  Drone  
  49  3:38  Drone  
  51  3:41  Queen  
  51  3:46  Zergling x4  
  55  3:51  Drone x2  
  55  3:52  Overlord  
  57  3:55  Overlord  
  57  3:59  Overlord  
  57  4:01  Drone  
  57  4:02  Drone  
  58  4:07  Drone  
  57  4:11  Drone x4  
  57  4:14  Drone x2  
  57  4:15  Drone  
  59  4:17  Drone  
  59  4:20  Drone  
  59  4:22  Drone  
  60  4:27  Drone  
  60  4:30  Drone, Spore Crawler  
  61  4:32  Spore Crawler  
  61  4:34  Drone, Spore Crawler  
  61  4:36  Drone  
  61  4:37  Drone  
  61  4:38  Drone  
  63  4:40  Zergling x2  
  64  4:46  Zergling x2  
  64  4:47  Drone  
  64  4:48  Lair  
  66  4:53  Zergling x2  
  66  4:57  Zergling x4, Overlord  
  66  4:58  Drone x3  
  66  4:59  Drone  
  73  5:01  Drone  
  73  5:04  Extractor, Overlord  
  73  5:05  Drone, Extractor  
  73  5:06  Drone  
  74  5:08  Extractor, Drone  
  74  5:09  Overlord  
  72  5:14  Drone, Baneling Nest  
  72  5:15  Drone  
  72  5:19  Drone  
  74  5:22  Drone  
  74  5:25  Drone x4  
  79  5:30  Drone  
  79  5:35  Drone x4  
  84  5:36  Drone  
  84  5:37  Drone  
  84  5:38  Hatchery  
  84  5:39  Drone x2  
  87  5:44  Drone x2  
  87  5:45  Queen  
  89  5:51  Drone  
  89  5:52  Evolution Chamber  
  89  5:54  Drone x2  
  89  5:56  Zergling x4, Extractor, Evolution Chamber  
  91  5:58  Overseer  
  91  6:00  Zergling x2  
  91  6:01  Centrifugal Hooks  
  91  6:03  Zergling x4  
  93  6:09  Zergling x8  
  97  6:15  Overlord x3  
  97  6:18  Overlord  
  97  6:20  Zerg Ground Armor Level 1  
  97  6:21  Zerg Melee Weapons Level 1  
  97  6:23  Overlord  
  97  6:27  Hydralisk Den  
  97  6:29  Zergling x4  
  97  6:31  Overlord  
  97  6:32  Baneling x6  
  98  6:33  Baneling  
  98  6:35  Overlord  
  98  6:36  Baneling x2  
  98  6:42  Zergling x14  
  98  6:45  Drone  
  106  6:47  Zergling x4  
  106  6:49  Baneling x4  
  107  6:59  Zergling x12  
  107  7:00  Zergling x8  
  113  7:01  Grooved Spines  
  113  7:05  Overlord  
  113  7:07  Hydralisk  
  113  7:08  Hydralisk  
  117  7:11  Drone x4  
  117  7:13  Drone x3  
  124  7:21  Drone x6  
  130  7:24  Spore Crawler  
  130  7:25  Zergling x6  
  130  7:26  Baneling x3  
  130  7:27  Baneling  
  130  7:36  Zergling x8  
  134  7:40  Drone x6  
  134  7:42  Extractor  
  134  7:43  Hydralisk  
  139  7:47  Hydralisk x2  
  143  7:51  Muscular Augments  
  143  7:54  Overlord  
  143  7:55  Drone  
  143  7:56  Drone, Hydralisk  
  143  7:57  Zergling x14  
  148  8:07  Drone  
  148  8:08  Infestation Pit, Hydralisk  
  148  8:09  Zergling x10, Extractor  
  154  8:15  Zerg Ground Armor Level 2, Hatchery  
  154  8:16  Zerg Melee Weapons Level 2  
  153  8:20  Zergling x14  
  160  8:29  Zergling x16  
  164  8:39  Baneling x22  
  163  8:45  Overlord x5  
  163  8:46  Overlord  
  163  8:51  Hive, Overlord  
  159  8:58  Pneumatized Carapace  
  159  9:01  Overlord x2  
  159  9:04  Overseer  
  159  9:06  Zergling x20  
  159  9:08  Baneling x4  
  169  9:13  Drone x4  
  169  9:16  Drone x5  
  175  9:24  Zergling x2  
  175  9:25  Zergling x18  
  181  9:34  Zergling x8  
  185  9:39  Hydralisk  
  185  9:40  Zergling x4  
  185  9:44  Lurker Den  
  188  9:46  Zergling x10  
  188  9:50  Spore Crawler x2  
  188  9:51  Drone  
  188  9:52  Zergling x14, Spore Crawler  
  198  9:57  Baneling x5  
  198  9:59  Baneling x10  
  197  10:02  Zergling x4  
  195  10:07  Zergling x8  
  195  10:10  Zergling x4  
  196  10:15  Zergling x8  
  199  10:24  Baneling x3  
  199  10:25  Baneling x2  
  199  10:30  Zergling x2  
  199  10:31  Adrenal Glands  
  199  10:33  Overseer x2  
  198  10:45  Zerg Ground Armor Level 3, Zerg Melee Weapons Level 3  
  198  10:46  Zergling x2, Seismic Spines  
  198  10:47  Zergling x2  
  198  10:48  Overlord  
  199  10:51  Overseer  
  199  10:55  Zergling x6  
  199  10:56  Hatchery  
  198  11:00  Hydralisk  
  198  11:01  Zergling x36  
  193  11:05  Zergling x14  
  193  11:08  Zergling x6  
  194  11:13  Viper x2  
  199  11:20  Baneling x9  
  199  11:21  Baneling x2  
  199  11:25  Drone  
  199  11:27  Drone x6  
  199  11:28  Drone  
  199  11:32  Baneling x4  
  199  11:39  Zergling x20  
  198  11:44  Zergling x2  
  182  11:47  Overseer x2  
  182  11:49  Hydralisk  
  182  11:50  Zergling x18  
  182  11:53  Hydralisk x2  
  188  11:58  Drone  
  188  12:00  Drone x2  
  176  12:03  Hydralisk  
  174  12:10  Baneling x15  
  174  12:13  Lurker x2  
  174  12:14  Lurker  
  177  12:16  Zergling x28  
  188  12:25  Lurker x3  
  188  12:27  Zergling x18  
  200  12:33  Zergling x2  
  200  12:55  Zergling x8  
  190  13:00  Zergling x18  
  190  13:01  Hatchery  
  184  13:07  Zergling x24  
  184  13:08  Zergling x2  
  166  13:13  Zergling x12  
  166  13:17  Hydralisk x3  
  166  13:19  Hydralisk  
  165  13:22  Zerg Missile Weapons Level 1  
  165  13:23  Hydralisk x2  
  165  13:25  Hydralisk x2  
  165  13:26  Hydralisk x2  
  176  13:28  Baneling x18  
  176  13:35  Nydus Network  
  176  13:39  Viper  
  178  13:42  Zergling x20  
  178  13:45  Extractor  
  178  13:46  Drone x3  
  178  13:47  Zergling x2  
  178  13:48  Zergling x2  
  192  13:49  Baneling x7  
  192  13:50  Baneling  
  192  13:55  Zergling x10, Hydralisk  
  195  14:02  Drone, Spore Crawler  
  200  14:03  Spore Crawler  
  200  14:06  Baneling x8  
  198  14:11  Nydus Canal  
  198  14:14  Zergling x4  
  200  14:24  Zergling x20  
  200  14:29  Nydus Canal  
  184  14:35  Hydralisk x7  
  184  14:36  Zergling x16  
  184  14:45  Baneling x10  
  184  14:46  Hydralisk x3  
  184  14:47  Zergling x20  
  200  14:52  Baneling x7  
  200  14:53  Spore Crawler x2  
  200  14:57  Zergling x4  
  200  15:01  Overseer  
  200  15:04  Nydus Canal  
  199  15:08  Zergling x6  
  199  15:12  Zergling x4  
  199  15:20  Nydus Canal  
  199  15:21  Spine Crawler x2  
  198  15:22  Drone x2  
  198  15:27  Baneling x13  
  199  15:29  Zerg Missile Weapons Level 2  
  199  15:36  Drone  
  199  15:44  Drone  
  199  15:47  Drone x4  
  199  15:55  Nydus Canal  
  199  16:00  Zergling x2  
  189  16:13  Hydralisk  
  189  16:14  Zergling x36  
  186  16:23  Hydralisk x5  
  186  16:24  Zergling x10  
  186  16:25  Zergling x18  
  183  16:26  Nydus Canal  
  183  16:27  Viper x4  
  195  16:35  Zergling x10  
  195  16:39  Zergling x4  
  199  16:43  Hydralisk  
  199  16:44  Zergling x10  
  199  16:46  Overlord  
  199  16:47  Zergling x4  
  192  16:51  Baneling x14  
  192  16:53  Overlord  
  184  16:54  Zergling x6  
  184  16:55  Zergling x6  
  184  17:00  Hydralisk x2, Spire  
  191  17:01  Zergling x6  
  191  17:02  Extractor  
  191  17:03  Baneling x9  
  192  17:10  Overseer x3  
  192  17:14  Zergling x14  
  192  17:15  Extractor  
  198  17:21  Zergling x2  
  199  17:24  Drone  
  199  17:28  Spine Crawler  
  199  17:29  Drone  
  200  17:32  Drone x3  
  200  17:35  Spire  
  197  17:37  Extractor  
  197  17:42  Zergling x8  
  182  18:01  Infestor x3, Burrow  
  182  18:03  Zergling x32  
  200  18:07  Spine Crawler  
  200  18:08  Spine Crawler  
  200  18:11  Spine Crawler  
  197  18:12  Zerg Missile Weapons Level 3  
  196  18:21  Zergling x8  
  196  18:26  Zerg Flyer Weapons Level 1  
  200  18:28  Extractor  
  200  18:33  Extractor  
  192  18:50  Zergling x16, Hydralisk  
  192  18:51  Zergling x14  
  191  19:00  Drone x2  
  191  19:01  Drone x2, Hydralisk  
  191  19:02  Zergling x28  
  191  19:04  Drone x2  
  191  19:05  Drone x2  
  191  19:06  Baneling  
  191  19:07  Baneling x15  
  191  19:09  Zergling x8  
  195  19:17  Zergling x10  
  195  19:18  Zergling x4  
  200  19:40  Baneling x10  
  200  19:48  Greater Spire  
  199  19:55  Hatchery  
  199  19:56  Extractor  
  197  20:05  Spine Crawler  
  197  20:06  Spine Crawler x2  
  194  20:10  Drone x4  
  194  20:11  Drone x4  
  190  20:26  Infestor x3  
  175  20:35  Infestor x6  
  183  20:56  Zerg Flyer Weapons Level 2  
  183  21:10  Hatchery  
  179  21:18  Zerg Flyer Armor Level 1  
  179  21:19  Corruptor x10  
  179  21:21  Spore Crawler x2  
  179  21:22  Spore Crawler x2  
  179  21:23  Spore Crawler  
  186  21:26  Zergling x26  
  176  22:08  Brood Lord, Overlord  
  175  22:09  Brood Lord x9  
  175  22:10  Overlord  
  175  22:12  Hatchery  
  175  22:13  Overlord  
  175  22:15  Zergling x16  
  196  22:22  Overlord x3  
  189  22:30  Zergling x20  
  189  22:36  Overseer x4, Hatchery  
  197  22:51  Zergling x6  
  200  22:58  Baneling x6  
  193  23:16  Extractor  
  193  23:19  Corruptor  
  181  23:20  Extractor, Corruptor x5  
  189  23:38  Hydralisk  
  189  23:39  Zergling x24  
  196  23:43  Zergling x2  
  196  23:44  Zergling x4  
  199  23:49  Spore Crawler  
  199  23:54  Zergling x2  
  193  24:09  Brood Lord x3  
  195  24:21  Zergling x10  
  196  24:37  Zergling x14, Hydralisk  
  195  24:42  Baneling x5  
  195  24:45  Extractor  
  190  24:53  Corruptor x2  
  190  24:59  Corruptor  
  194  25:00  Zergling x4  
  194  25:02  Zergling x2  
  194  25:06  Zergling x4  
  198  25:07  Zergling x2  
  198  25:13  Zergling x2  
  198  25:15  Zergling x2  

Tags
 
Add a new tag
Caveats
  • Supply blocks, unpowered buildings, or Contaminate may cause inaccurate times.
  • Supply counts are checked every 10 seconds.